 Dungeon Crawl Stone Soup version 0.13-a0-2474-g552a472 (webtiles) character file.

226 Rycklaryybbe the Sneak (level 4, 0/36 HPs)
             Began as a Draconian Assassin on July 18, 2013.
             Killed by divine providence
             ... invoked by an orc priest
              (14 damage)
             ... on Level 3 of the Dungeon.
             The game lasted 00:05:18 (1737 turns).

Rycklaryybbe the Sneak (Draconian Assassin)         Turns: 1737, Time: 00:05:18

HP   0/36        AC  7     Str 13      XL: 4   Next: 33%
MP   3/3         EV 11     Int 12      God:
Gold 135         SH  0     Dex 13      Spells:  0 memorised,  3 levels left

Res.Fire  : . . .   See Invis. : .   x - +2,+1 sabre
Res.Cold  : . . .   Warding    : .   (armour unavailable)
Life Prot.: . . .   Conserve   : .   (no shield)
Res.Poison: .       Res.Corr.  : .   (helmet restricted)
Res.Elec. : .       Clarity    : .   d - +0 cloak
Sust.Abil.: . .     Spirit.Shd : .   (no gloves)
Res.Mut.  : .       Stasis     : .   o - +0 pair of boots
Res.Rott. : .       Flight     : .   (no amulet)
Saprovore : . . .                    (no ring)
                                     (no ring)

@: slightly resistant to hostile enchantments, stealthy
A: unfitting armour, AC +5
a: no special abilities


You were on level 3 of the Dungeon.
You were not hungry.

You visited 1 branch of the dungeon, and saw 3 of its levels.

You collected 85 gold pieces.

Inventory:

Hand weapons
 a - a +2,+2 dagger {=f}
 b - a +0 blowgun
 x - a +2,+1 sabre (weapon)
Missiles
 e - 37 poisoned needles
 f - 2 curare-tipped needles
 y - 21 stones (quivered)
Armour
 d - a +0 cloak (worn)
 o - a +0 pair of boots (worn)
Comestibles
 c - a sausage
 g - 5 bread rations
 j - a banana
 u - 2 pears
 A - 3 chunks of hobgoblin flesh
Scrolls
 h - a scroll of enchant weapon II {unknown}
 i - a scroll of teleportation {unknown}
 k - a scroll of amnesia {unknown}
 p - a scroll of fog {unknown}
 q - 2 scrolls of identify {unknown}
 r - 2 scrolls of curse armour {unknown}
 t - 5 scrolls of random uselessness {unknown}
 v - a scroll of enchant armour {unknown}
 w - a scroll of magic mapping {unknown}
 B - a scroll of remove curse {unknown}
Potions
 l - a potion of blood {unknown}
 m - 3 potions of curing {unknown}
 n - a potion of resistance {unknown}
 s - a potion of agility {unknown}


   Skills:
 - Level 2.1 Fighting
 + Level 3.5 Short Blades
 - Level 1.7 Throwing
 - Level 0.8 Dodging
 - Level 4.6 Stealth


You had 3 spell levels left.
You didn't know any spells.

Dungeon Overview and Level Annotations

Branches:
Dungeon (3/27)

Altars:


Message History

The orc warrior picks up a runed orcish hand axe.
You barely miss the orc warrior.
The orc warrior is heavily wounded.
The orc warrior hits you but does no damage.
You closely miss the orc warrior.
Your tail-slap misses the orc warrior.
The orc warrior is heavily wounded.
The orc warrior completely misses you.
The orc priest becomes somewhat translucent.
You barely miss the orc warrior.
The orc warrior is heavily wounded.
The orc warrior closely misses you.
You hit the orc warrior but do no damage.
The orc warrior is heavily wounded.
The orc warrior hits you with an orcish hand axe!
Ouch! That really hurt!
You closely miss the orc warrior.
The orc warrior is heavily wounded.
The orc priest mumbles some strange prayers to Beogh against you.
Something smites you!
You die...

#..# #...#.###.####....# ##...#.
##..###.##...##....#....######.##
..o................###.#...#.....
##......##......#..#.......###...
#....o..##.....##.#.....#####...
##..##(o....###.##.#..#....#.#...
....##......# #.......#....#.....
#...###.#...######.######........
#...........o.oo@.....#..........
###......##...####....#.........#
#...........# ####.##.(......#
##...####...# ###.##...#.##.# ...
...### #...###...(##.# ## #...#
#...# #........ #...#
#...###.......# ###.#
###............ #.# ##........(.#


You could see an orc warrior, an orc priest and an orc.

Vanquished Creatures
  A centaur zombie (D:3)
  An adder (D:1)
  A gnoll (D:2)
  A giant gecko (D:2)
  An ooze (D:1)
  4 bats
  4 giant cockroaches
  3 goblins
  7 hobgoblins
  2 jackals (D:3)
  A giant newt (D:1)
  4 kobolds
  A quokka (D:2)
  6 rats
37 creatures vanquished.

Notes
Turn   | Place    | Note
--------------------------------------------------------------
     0 | D:1      | Rycklaryybbe, the Draconian Assassin, began the quest for the Orb.
     0 | D:1      | Reached XP level 1. HP: 16/16 MP: 0/0
   173 | D:1      | Reached skill level 4 in Stealth
   203 | D:1      | Reached XP level 2. HP: 23/23 MP: 1/1
   880 | D:1      | Reached XP level 3. HP: 19/28 MP: 2/2
  1468 | D:3      | Reached XP level 4. HP: 27/36 MP: 3/3
  1700 | D:3      | Noticed an orc warrior
  1737 | D:3      | Killed from afar by an orc priest

Action                   |  1- 3 |  4- 6 || total
-------------------------+-------+-------++-------
Melee: Dagger            |   129 |       ||   129
       Sabre             |    12 |    18 ||    30
 Fire: Blowgun           |       |     2 ||     2
 Stab: Sleeping          |     4 |       ||     4
